 Dungeon Crawl Stone Soup version 0.27-a0-1242-ge70438ac7b (webtiles) character file.

Game seed: 4331583820947651796

13 EiAlmux the Grave Robber (level 2, 0/15 HPs)
             Began as a Deep Elf Necromancer on June 9, 2021.
             Slain by a quokka (1 damage)
             ... on level 1 of the Dungeon.
             The game lasted 00:02:59 (418 turns).

EiAlmux the Grave Robber (Deep Elf Necromancer)      Turns: 418, Time: 00:02:59

Health: 0/15       AC:  2    Str:  5    XL:     2   Next: 24%
Magic:  3/8        EV: 12    Int: 19    God:
Gold:   16         SH:  0    Dex: 15    Spells: 5/7 levels left

rFire    . . .     SeeInvis .   b - +0 club
rCold    . . .     Faith    .   (no shield)
rNeg     . . .     Spirit   .   a - +0 robe
rPois    .         Reflect  .   (no helmet)
rElec    .         Harm     .   (no cloak)
rCorr    .         Rampage  .   (no gloves)
Will     .....                  (no boots)
Stlth    ++........             (no amulet)
HPRegen  0.05/turn              (no ring)
MPRegen  0.11/turn              (no ring)

@: no status effects
A: no striking features
a: no special abilities


You were on level 1 of the Dungeon.
You visited 1 branch of the dungeon, and saw 1 of its levels.

You collected 16 gold pieces.

Inventory:

Hand Weapons
 b - a +0 club (weapon)
Missiles
 c - 5 stones
Armour
 a - a +0 robe (worn)
Potions
 d - a potion of cancellation {unknown}


   Skills:
 - Level 2.6 Dodging
 + Level 2.8 Stealth
 + Level 3.3 Spellcasting
 + Level 0.2 Hexes
 + Level 5.0 Necromancy


You had 5 spell levels left.
You knew the following spells:

 Your Spells              Type           Power      Damage    Failure   Level
a - Pain                  Necr           88%        1d8       1%          1
b - Animate Skeleton      Necr           44%        N/A       1%          1

Your spell library contained the following spells:

 Spells                   Type           Power      Damage    Failure   Level
 Vampiric Draining        Necr           11%        2d7       5%          3
 Animate Dead             Necr           11%        N/A       19%         4
 Confusing Touch          Hex            4%         N/A       38%         3
 Gell's Gravitas          Tloc           1%         N/A       41%         3
 Agony                    Necr           22%        N/A       45%         5
 Petrify                  Tmut/Erth      3%         N/A       82%         4
 Metabolic Englaciation   Hex/Ice        1%         N/A       98%         5
 Yara's Violent Unravell  Hex/Tmut       1%         3d3       98%         5


Dungeon Overview and Level Annotations

Branches:
Dungeon (1/15)

Altars:


Message History

Things that are here:
a +0 club; a goblin corpse
Casting: Pain (safe; 1% risk of failure)
Confirm with . or Enter, or press ? or * to list all spells.
Aiming: Pain (safe; 1% risk of failure)
Press: ? - help, Shift-Dir - straight line, f - rat
Aim: a rat (chance to affect: 91%)
You miscast Pain.
You are very lightly contaminated with residual magic.
Nothing appears to happen.
You hit the rat but do no damage. The rat closely misses you.
The quokka twitches its whiskers.
The rat twitches its whiskers.
The rat bites you but does no damage.
Your magical contamination has completely faded away.
You barely miss the rat. The rat completely misses you.
You barely miss the rat. The rat bites you.
You barely miss the rat. The rat closely misses you. The rat bites you.
You barely miss the rat. The rat completely misses you.
You hit the rat but do no damage. The rat closely misses you.
You are too injured to fight recklessly!
Casting: Pain (safe; 1% risk of failure)
Confirm with . or Enter, or press ? or * to list all spells.
Aiming: Pain (safe; 1% risk of failure)
Press: ? - help, Shift-Dir - straight line, f/p - rat
Aim: a rat (chance to affect: 91%)
The rat writhes in agony.
The rat bites you.
* * * LOW HITPOINT WARNING * * *
Casting: Pain (safe; 1% risk of failure)
Confirm with . or Enter, or press ? or * to list all spells.
Aiming: Pain (safe; 1% risk of failure)
Press: ? - help, Shift-Dir - straight line, f/p - rat
Aim: a rat (severely wounded, chance to affect: 91%)
The rat writhes in agony.
You kill the rat!
The quokka completely misses you. The quokka bites you.
* * * LOW HITPOINT WARNING * * *
The quokka twitches its whiskers.
The quokka bites you.
You die...

## #. #. #. #.
####################.
#...@r............##.
#.###############.##. #.# #..
..#.##. ## #.####### #.#
#.#.##. +. #.#.....# #.#
#.#.##. . #. #.#.###.###.#
#.#.##. ..g
#.##.#.###.....###.#.##.
.....#.....................†.
......>.........$......).....


You could see a quokka.

Vanquished Creatures
  2 dart slugs (D:1)
  An endoplasm (D:1)
  A giant cockroach (D:1)
  A goblin (D:1)
  A hobgoblin (D:1)
  A kobold (D:1)
  2 rats (D:1)
9 creatures vanquished.

Notes
Turn   | Place    | Note
-------+----------+-------------------------------------------
     0 | D:1      | EiAlmux the Deep Elf Necromancer began the quest for the
                  | Orb.
     0 | D:1      | Reached XP level 1. HP: 10/10 MP: 6/6
   316 | D:1      | Reached skill level 5 in Necromancy
   316 | D:1      | Reached XP level 2. HP: 14/15 MP: 6/8
   318 | D:1      | Learned a level 1 spell: Animate Skeleton
   335 | D:1      | Found a faded altar of an unknown god.
   418 | D:1      | Slain by a quokka

Illustrated notes

Levels and vault maps discovered:
D:1:      minmay_arrival_glassed_features, layout_basic,
          ebering_ecumenical_altar_abandoned

Skill      XL: |  1 |
---------------+----+-----
Necromancy     | 5 |  5.0
Dodging        | |  2.6
Stealth        | |  2.8
Spellcasting   | |  3.3
Hexes          | |  0.2

Action                   || total
-------------------------++-------
Melee: Club              ||     6
 Cast: Pain              ||    19
Armor: Robe              ||     1
Dodge: Dodged            ||     6

Table legend: (Time is in decaauts)
 A = Elapsed time spent in this place.
 B = Non-inter-level travel time spent in this place.
 C = Inter-level travel time spent in this place.
 D = Time resting spent in this place.
 E = Time spent auto-exploring this place.
 F = Levels seen in this place.
 G = Mean time per level.
                   A        B        C        D        E       F      G
               +--------+--------+--------+--------+--------+-----+--------+
         Total |    419 |    410 |      9 |     79 |    220 |   1 |  419.0 |
       Dungeon |    419 |    410 |      9 |     79 |    220 |   1 |  419.0 |
               +--------+--------+--------+--------+--------+-----+--------+

Top non-repeatable levels by time:
     D:1: 419 daAuts
